 Dungeon Crawl Stone Soup version 0.30.1-3-gfc49f6343a (webtiles) character file.

Game seed: 4162830126977915144

1826 jtron the Slicer (level 8, 0/66 HPs)
             Began as a Spriggan Berserker on July 27, 2023.
             Was a Believer of Trog.
             Engulfed by a steam dragon's steam (2 damage)
             ... on level 6 of the Dungeon.
             The game lasted 00:11:44 (6256 turns).

jtron the Slicer (Spriggan Berserker)               Turns: 6256, Time: 00:11:44

Health: 0/66       AC:  3    Str: 19    XL:     8   Next: 86%
Magic:  9/9        EV: 20    Int:  8    God:    Trog [**....]
Gold:   329        SH:  0    Dex: 17    Spells: 7/7 levels left

rFire   . . .        a - +2 short sword
rCold   . . .        (no shield)
rNeg    . . .        h - +0 robe
rPois   .            g - +0 hat
rElec   .            m - +0 cloak
rCorr   .            (gloves unavailable)
SInv    +            (boots unavailable)
Will    +....        (no amulet) Stlth
                     n - +6 ring of strength
HPRegen 0.31/turn    (no ring)
MPRegen 0.11/turn

%: no passive effects
@: berserking, very quick
A: very small, no large weapons, unfitting armour, see invisible, speed 3
a: Renounce Religion, Berserk, Trog's Hand


You were on level 6 of the Dungeon.
You worshipped Trog.
Trog was pleased with you.
You visited 1 branch of the dungeon, and saw 6 of its levels.

You collected 329 gold pieces.

Inventory:

Hand Weapons
 a - a +2 short sword (weapon)
 b - a +0 sling
 s - a +1 arbalest of draining
Missiles
 c - 2 poisoned darts (quivered)
Armour
 g - a +0 hat (worn)
 h - a +0 robe (worn)
 m - a +0 cloak (worn)
Jewellery
 n - a +6 ring of strength (left hand)
 p - a +6 ring of intelligence
 x - an amulet of faith
Wands
 k - a wand of quicksilver (1)
 r - a wand of charming (11)
 w - a wand of flame (15)
Scrolls
 f - 4 scrolls of fear
 i - a scroll of magic mapping
 l - 2 scrolls of teleportation
 q - 2 scrolls of identify
 v - a scroll of blinking {unknown}
Potions
 d - a potion of lignification
 e - 4 potions of curing
 j - a potion of resistance
 o - a potion of might
 t - a potion of flight {unknown}
 u - a potion of mutation {unknown}


   Skills:
 + Level 5.7 Fighting
 + Level 9.2 Short Blades
 - Level 3.0 Ranged Weapons
 + Level 1.0 Throwing
 - Level 6.0 Dodging
 - Level 4.0 Stealth


You had 7 spell levels left.
You didn't know any spells.
Your spell library was empty.

Dungeon Overview and Level Annotations

Branches:
Dungeon (6/15)             Temple (0/1) D:4

Altars:
Cheibriados
Gozag
Makhleb
Okawaru
Uskayaw
Vehumet
Zin

Shops:
D:2 =   D:3 :*[   D:5 :   D:6 (


Innate Abilities, Weirdness & Mutations

You are very small and have problems with some larger weapons.
You are too small for most types of armour.
You have supernaturally acute eyesight. (SInv)
You cover ground extremely quickly. (Speed+++)


Message History

You close the large door.
Something unseen opens the large door.
Aiming: Throw Flame
Press: ? - help, Shift-Dir - straight line, f - wight
Aim: a wight, wielding a +0 falchion and wearing a +0 robe (68% to hit)
The puff of flame hits the wight!
The wight is heavily damaged.
Aiming: Throw Flame
Press: ? - help, Shift-Dir - straight line, f - steam dragon
Aim: a steam dragon (68% to hit)
The puff of flame misses the steam dragon.
A centaur comes into view.
The steam dragon breathes steam at you. The ball of steam hits you!!
The centaur moves out of view.
You start resting.
A steam dragon is nearby!
The steam dragon breathes steam at you. The ball of steam hits you!
A red film seems to cover your vision as you go berserk!
You feel yourself moving faster!
You feel mighty!
You are engulfed in a cloud of scalding steam.
* * * LOW HITPOINT WARNING * * *
The steam dragon bites you.
* * * LOW HITPOINT WARNING * * *
The steam dragon misses you.
A wight comes into view. It is wielding a +0 scimitar.
The centaur shouts!
You hit the steam dragon.
The steam dragon is moderately wounded.
You are engulfed in a cloud of scalding steam.
* * * LOW HITPOINT WARNING * * *
You puncture the steam dragon!
The steam dragon is heavily wounded.
You are engulfed in a cloud of scalding steam.
* * * LOW HITPOINT WARNING * * *
The steam dragon closely misses you. The steam dragon barely misses you.
You closely miss the steam dragon.
The steam dragon is heavily wounded.
You are engulfed in a cloud of scalding steam.
You die...

######## .......# .#####.# .# #.#
.#####.############
................@.#
.#####...########D# ###
...(.#...# #z# ##.## ####.#..∩#
#c# ##.#.#####
.........########.# ##.###...:.
####..[........##z#####.##....###
######.#.###....)......###...#...
.......#.# #..####'+####......†##
#..###.#.# #.##§≈≈c.≈§≈##......#


You could see a steam dragon, a centaur and 2 wights.

Vanquished Creatures
  Pikel (D:5)
  Sigmund (D:6)
  Edmund (D:5)
  A black bear (D:4)
  2 ice beasts (D:6)
  An ogre (D:5)
  A centaur (D:6)
  A phantom (D:5)
  A bullfrog (D:6)
  A wight (D:6)
  A howler monkey (D:5)
  2 hounds (D:6)
  Crazy Yiuf (D:2)
  An iguana (D:5)
  Ijyb (D:4)
  2 sleepcaps
  7 gnolls
  8 adders
  A shadow imp (D:5)
  An ufetubus (D:5)
  2 worms
  2 dart slugs
  3 orcs
  5 ball pythons
  9 endoplasms
  5 giant cockroaches
  8 hobgoblins
  4 jackals
  10 kobolds
  2 quokkas
  8 bats
  4 frilled lizards (D:2)
  A goblin (D:1)
  6 rats
105 creatures vanquished.

Notes
Turn   | Place    | Note
-------+----------+-------------------------------------------
     0 | D:1      | jtron the Spriggan Berserker began the quest for the Orb.
     0 | D:1      | Reached XP level 1. HP: 11/11 MP: 2/2
   540 | D:1      | Reached XP level 2. HP: 16/16 MP: 3/3
  1307 | D:2      | Found Myihynik's Jewellery Shoppe.
  1367 | D:2      | Found a runed translucent door.
  1368 | D:2      | Noticed Crazy Yiuf
  1399 | D:2      | Reached XP level 3. HP: 17/19 MP: 4/4
  1446 | D:2      | Reached skill level 4 in Short Blades
  1751 | D:2      | Reached XP level 4. HP: 23/23 MP: 5/5
  1803 | D:2      | Found a snail-covered altar of Cheibriados.
  2089 | D:2      | Killed Crazy Yiuf
  2090 | D:2      | Reached skill level 1 in Ranged Weapons
  2090 | D:2      | Reached skill level 1 in Stealth
  2344 | D:3      | Found a faded altar of an unknown god.
  2367 | D:3      | Reached ** piety under Trog
  2428 | D:3      | Found a radiant altar of Vehumet.
  2618 | D:3      | Found Yragam's Assorted Antiques.
  2632 | D:3      | Found Emua's Antique Armour Boutique.
  2891 | D:3      | Found a burning altar of Makhleb.
  2893 | D:3      | Found a glowing silver altar of Zin.
  2893 | D:3      | Noticed an angel
  2894 | D:3      | Noticed a balrug
  3005 | D:3      | Found Toebuph's Book Emporium.
  3209 | D:4      | Noticed a black bear
  3338 | D:4      | Reached XP level 5. HP: 28/28 MP: 6/6
  3388 | D:4      | Killed a black bear
  3389 | D:4      | Reached skill level 5 in Dodging
  3394 | D:4      | Found a staircase to the Ecumenical Temple.
  3451 | D:4      | Noticed Ijyb
  3458 | D:4      | Reached skill level 5 in Short Blades
  3459 | D:4      | Reached XP level 6. HP: 32/32 MP: 7/7
  3465 | D:4      | Killed Ijyb
  3620 | D:4      | Found a faded altar of an unknown god.
  3620 | D:4      | Found a hide-covered altar of Uskayaw.
  3628 | D:4      | Found an iron altar of Okawaru.
  3630 | D:4      | Found a faded altar of an unknown god.
  3631 | D:4      | Found an opulent altar of Gozag.
  4114 | D:5      | Entered Level 5 of the Dungeon
  4114 | D:5      | Noticed Edmund
  4130 | D:5      | Killed Edmund
  4223 | D:5      | Noticed Pikel
  4270 | D:5      | Found Ebenekur's Tremendous Tomes.
  4483 | D:5      | Found a sand-covered staircase.
  4533 | D:5      | Reached skill level 6 in Short Blades
  4533 | D:5      | Reached XP level 7. HP: 32/37 MP: 8/8
  5061 | D:5      | Killed Pikel
  5062 | D:5      | Reached skill level 7 in Short Blades
  5062 | D:5      | Reached XP level 8. HP: 42/42 MP: 9/9
  5422 | D:6      | Reached skill level 5 in Fighting
  5422 | D:6      | Reached skill level 8 in Short Blades
  5881 | D:6      | Found Eqogi's Antique Weapon Boutique.
  5972 | D:6      | Noticed Sigmund
  5984 | D:6      | Killed Sigmund
  5985 | D:6      | Reached skill level 9 in Short Blades
  6097 | D:6      | Reached skill level 1 in Throwing
  6255 | D:6      | HP: 2/66 [steam dragon] (2)]
  6256 | D:6      | Engulfed by a steam dragon's steam

Illustrated notes

Levels and vault maps discovered:
D:1:      minmay_arrival_doors, layout_basic, serial_forest,
          infiniplex_forest_clump_double, infiniplex_forest_lined_room_2,
          infiniplex_forest_straight_2, infiniplex_forest_end_3,
          infiniplex_forest_lined_corner
D:2:      layout_loops_ring, serial_shops, shop, basic_altar,
          uniq_crazy_yiuf_cottage
D:3:      layout_basic, grunt_temple_overflow_order_and_chaos_2,
          mainiacjoe_overflow_brackets, ebering_ecumenical_altar_abandoned,
          serial_shops, shop, nicolae_shop_behind_doors, shop
D:4:      layout_loops_ring, chequers_temple_overflow_minitemple,
          minmay_temple_entry_ruins, uniq_ijyb
D:5:      layout_loops_ring, nicolae_ossuary_entry_ruins,
          nicolae_shop_i_like_big_books, uniq_pikel, uniq_edmund
D:6:      kennysheep_big_flooded_room, layout_loops_ring, serial_shops, shop,
          uniq_sigmund

Skill      XL: |  1  2  3  4  5  6  7  8 |
---------------+-------------------------+-----
Short Blades   | 4 5 6 7 9 |  9.2
Fighting       | 3 4 5 |  5.7
Ranged Weapons | 1 2 3 |  3.0
Stealth        | 1 3 4 |  4.0
Dodging        | 5 6 |  6.0
Throwing       | 1 |  1.0

Action                     |  1- 3 |  4- 6 |  7- 9 || total
---------------------------+-------+-------+-------++-------
  Melee: Short sword       |   130 |   199 |   158 ||   487
         Punch             |     2 |     3 |     3 ||     8
   Fire: Sling             |    26 |    20 |     1 ||    47
         Arbalest          |       |       |     2 ||     2
  Throw: Dart              |       |       |    10 ||    10
 Invoke: Berserk           |       |     7 |     5 ||    12
  Evoke: Wand              |       |       |     2 ||     2
    Use: Scroll            |     6 |     7 |       ||    13
   Stab: Sleeping          |       |     5 |     3 ||     8
 Armour: Animal skin       |     9 |    13 |     3 ||    25
  Dodge: Dodged            |    89 |   123 |    68 ||   280
